 Dungeon Crawl Stone Soup version 0.31.0 (webtiles) character file.

Game seed: 7516246125289322186

168594 groovy9 the Severer (level 17, -3/117 HPs)
             Began as a Gargoyle Berserker on Jan 19, 2024.
             Was the Champion of Trog.
             Killed from afar by Nikola (61 damage)
             ... with an arc of chain lightning
             ... on level 1 of the Swamp on Jan 20, 2024.
             The game lasted 01:31:08 (22910 turns).

groovy9 the Severer (Gargoyle Berserker)           Turns: 22910, Time: 01:31:08

Health: -3/117     AC: 45    Str: 31    XL:     17   Next: 65%
Magic:  26/26      EV: 15    Int: 12    God:    Trog [******]
Gold:   2464       SH: 18    Dex:  4    Spells: 16/16 levels left

rFire   . . .        T - +9 broad axe (vamp)
rCold   + + +        A - +0 tower shield
rNeg    + + .        t - +8 chain mail {ponderous}
rPois   ∞            E - +0 hat "Firau" {rC+++}
rElec   +            q - +1 cloak {rPois}
rCorr   +            w - +2 pair of gloves "Ekuxoij" {rCorr}
SInv    .            x - +1 pair of boots of the Everdark {rElec Will+ Int+4 Dex-5}
Will    ++++.        p - amulet of regeneration Stlth
                     Q - ring of the Octopus King {HP+2 MP+9 AC+2 EV+2 SH+2}
HPRegen 2.19/turn    J - ring of Wumaobb {^Drain rN+ EV+5 Str+2}
MPRegen 0.20/turn

%: no passive effects
@: strong-willed, flying, regenerating, slow
A: sickness immunity, AC +12, big wings, negative energy resistance 1,
electricity resistance, torment resistance 1, petrification resistance
}: 1/15 runes: serpentine
a: Renounce Religion, Berserk, Trog's Hand, Brothers in Arms


You were on level 1 of the Swamp.
You worshipped Trog.
Trog was exalted by your worship.
You visited 6 branches of the dungeon, and saw 26 of its levels.
You also visited: Sewer and Gauntlet.

You collected 3376 gold pieces.
You spent 912 gold pieces at shops.

Inventory:

Hand Weapons
 a - a +0 broad axe of venom
 b - the +6 broad axe of Revolt {holy, rC+ Will+}
   (You acquired it on level 4 of the Dungeon)

   rC+:       It protects you from cold.
   Will+:     It increases your willpower.
 n - a +7 battleaxe of flaming
 T - a +9 vampiric broad axe (weapon)
Armour
 q - a +1 cloak of poison resistance (worn)
 t - a +8 chain mail of ponderousness (worn)
 w - the +2 pair of gloves "Ekuxoij" (worn) {rCorr}
   (You found it on level 4 of the Lair of Beasts)

   rCorr:     It protects you from acid and corrosion.
 x - the +1 pair of boots of the Everdark (worn) {rElec Will+ Int+4 Dex-5}
   (You found it in a Gauntlet)

   Int+4:     It affects your intelligence (+4).
   Dex-5:     It affects your dexterity (-5).
   rElec:     It insulates you from electricity.
   Will+:     It increases your willpower.
 A - a +0 tower shield (worn)
 E - the +0 hat "Firau" (worn) {rC+++}
   (You found it in a Gauntlet)

   rC+++:     It renders you almost immune to cold.
Jewellery
 e - a +6 ring of strength
 p - an amulet of regeneration (around neck)
 I - a ring of protection from fire
 J - the ring of Wumaobb (right hand) {^Drain rN+ EV+5 Str+2}
   (You found it on level 8 of the Dungeon)

   [ring of evasion]

   EV+5:      It affects your evasion (+5).
   Str+2:     It affects your strength (+2).
   rN+:       It protects you from negative energy.
   ^Drain:    It drains your maximum health when unequipped.
 Q - a ring of the Octopus King (left hand) {HP+2 MP+9 AC+2 EV+2 SH+2}
   (You found it in a Gauntlet)

   [ring of magical power]

   AC+2:      It affects your AC (+2).
   EV+2:      It affects your evasion (+2).
   HP+2:      It affects your health (+2).
   MP+9:      It affects your magic capacity (+9).
   SH+2:      It affects your SH (+2).
Wands
 s - a wand of roots (20)
 y - a wand of digging (17)
Scrolls
 c - 2 scrolls of summoning
 f - 3 scrolls of revelation
 i - 5 scrolls of poison
 j - 7 scrolls of teleportation
 k - 4 scrolls of enchant armour
 r - 6 scrolls of noise
 C - 3 scrolls of fear
 G - 14 scrolls of identify
 M - 5 scrolls of fog
 R - 6 scrolls of immolation
 S - a scroll of blinking
Potions
 d - 2 potions of cancellation
 g - 4 potions of haste
 h - 18 potions of curing
 m - 6 potions of ambrosia
 o - 5 potions of lignification
 v - 2 potions of attraction
 z - 11 potions of heal wounds
 B - 5 potions of might
 D - 2 potions of magic
 F - 3 potions of invisibility
 L - 2 potions of enlightenment
 N - 4 potions of resistance
 O - 2 potions of mutation
Miscellaneous
 l - a box of beasts
 P - a tin of tremorstones (2/2)
 W - a lightning rod (4/4)
 X - a phantom mirror
 Z - a phial of floods


   Skills:
 + Level 15.9 Fighting
 * Level 18.5 Axes
 + Level 15.6 Armour
 - Level 1.5 Dodging
 + Level 15.4 Shields


You had 16 spell levels left.
You didn't know any spells.
Your spell library was empty.

Dungeon Overview and Level Annotations

Branches:
Dungeon (13/15)            Temple (1/1) D:4            Lair (5/5) D:10
  Swamp (1/4) Lair:3        Snake (4/4) Lair:3        Slime (0/5) Lair:5
    Orc (2/2) D:11            Elf (0/3) Orc:2        Vaults (0/5) D:13
  Sewer (visited)         Gauntlet (visited)

Altars:
Ashenzari
Cheibriados
Dithmenos
Elyvilon
Fedhas
Gozag
Hepliaklqana
Kikubaaqudgha
Makhleb
Nemelex Xobeh
Okawaru
Qazlal
Ru
Sif Muna
Trog
Uskayaw
Vehumet
Wu Jian
Xom
Yredelemnul
Zin
The Shining One

Shops:
D:3 [!(?*   D:9 (   Orc:2 ([[*   Snake:1 *   Snake:4 (

Portals:
Trove: D:12 (give +5 ice dragon scales)

Annotations:
Swamp:1 Nikola


Innate Abilities, Weirdness & Mutations

You are immune to sickness and miasma.
Your stone body is resilient. (AC +12)
You are immune to poison.
Your large and strong wings let you fly.
You resist negative energy. (rN+)
You are resistant to electric shocks. (rElec)
You are resistant to unholy torment.
You are immune to petrification.


Message History

The bolt of lightning misses you.
You slash the bog body!
The bog body is heavily damaged.
The bog body misses you.
You slice the bog body!!
You destroy the bog body!
Trog accepts your kill.
Trog appreciates your killing of a magic user.
You hit Nikola.
You feel better.
An eleionoma comes into view.
Nikola misses you.
You slice Nikola!!
You feel better.
Nikola is moderately wounded.
Nikola casts a spell.
Nikola blinks!
A will-o-the-wisp comes into view.
The will-o-the-wisp gives a chilling moan.
The will-o-the-wisp moves out of view.
You slash Nikola!
Nikola is moderately wounded.
Nikola gestures wildly while chanting.
Lightning arcs from Nikola's hands!
The bolt of lightning hits you!!! You resist.
A bolt of lightning appears from out of thin air!
The bolt of lightning hits Nikola!
The bolt of lightning hits the eleionoma!!
You slice Nikola!!
You feel better.
Nikola is heavily wounded.
You open Nikola like a pillowcase!!!
You feel better.
Nikola is severely wounded.
You slash the eleionoma! Nikola hits you but does no damage.
The eleionoma barely misses you.
You slice Nikola!!
Nikola is almost dead.
You closely miss the eleionoma.
Nikola mumbles some strange words.
Lightning arcs from Nikola's hands!
The bolt of lightning hits you!!! You resist.
Ouch! That really hurt!
You die...

♣.~~~~~~~.♣
♣♣~.~......♣♣
♣♣[.~~~~...... ♣.
♣.~~~§§~~~.~~.
.~♣♣.~~~~~~~~.~~~
~.~...~~....~~..~
~~....~~§~..~~.♣
~~..~.R~....~..♣
~~..~~)@~..♣♣~..~
....~~.@~~~.♣♣..♣
~...~~~..~~.~♣ ♣
....~).v♣....♣
♣♣♣....♣♣♣♣♣♣♣
♣♣~.. .~~~.
~~~~.~ ~.....~


You could see Nikola, an eleionoma and a will-o-the-wisp.

Vanquished Creatures
  The ghost of Monkooky the Tortoise, an adept AtMo of Uskayaw (Snake:4)
  Gastronok (D:8)
  7 nagarajas
  Donald (Swamp:1)
  Roxanne (Snake:3)
  2 orc warlords (Orc:2)
  A minotaur (Gauntlet)
  A bunyip (Swamp:1)
  A fire dragon (Lair:5)
  A great orb of eyes (Gauntlet)
  A peacekeeper (D:13)
  A hydra (Lair:4)
  16 anacondas
  A centaur warrior (D:11)
  7 naga warriors
  3 two-headed ogres
  A hell hog (Lair:5)
  5 death yaks (Lair:4)
  Urug (Lair:3)
  12 naga sharpshooters
  An orc high priest (Orc:2)
  8 shock serpents
  3 skysharks
  3 salamander mystics
  A goliath frog (Lair:3)
  2 fire crabs (Lair:5)
  A glowing orange brain (D:13)
  Pikel (D:5)
  16 mana vipers
  11 naga ritualists
  A bog body (Swamp:1)
  11 orc knights (Orc:2)
  A deep elf pyromancer (D:13)
  A lindwurm (Lair:5)
  3 manticores
  16 salamanders
  8 orc sorcerers (Orc:2)
  3 ugly things
  2 cyclopes
  A kobold blastminer (Orc:2)
  An oklob plant (D:10)
  A meliai (shapeshifter) (D:13)
  23 naga magi
  Joseph (D:8)
  41 black mambas
  A gargoyle (D:11)
  5 guardian serpents
  6 torpor snails
  Maggie (D:8)
  6 cane toads
  3 kobold demonologists
  2 unseen horror zombies (D:8)
  5 komodo dragons
  Jeremiah (D:6)
  4 rime drakes
  2 guardian mummies (D:12)
  10 trolls
  A bloated husk (Swamp:1)
  4 tyrant leeches (Lair:5)
  13 polar bears
  7 hornets
  Grinder (D:4)
  Prince Ribbit (D:6)
  3 raiju (Lair:5)
  10 blink frogs (Lair:1)
  7 saltlings (Orc:2)
  3 shadows
  2 wyverns
  Grum (D:8)
  8 wargs
  32 yaks
  3 basilisks
  2 steam dragons
  2 swamp worms (Swamp:1)
  4 acid dragons
  52 nagas
  12 water moccasins
  Duvessa (D:7)
  14 hell hounds (Lair:5)
  An ice beast (D:7)
  27 orc warriors
  A sky beast (D:7)
  A hornet zombie (D:8)
  4 laughing skulls (Gauntlet)
  8 ogres
  18 black bears
  20 wolves
  6 centaurs
  4 lemures (D:5)
  2 phantoms
  A weeping skull (Gauntlet)
  A gnoll sergeant (D:9)
  A kobold brigand (D:8)
  Blork the orc (D:4)
  18 bullfrogs
  4 wyvern zombies (D:8)
  3 scorpions
  31 wights
  Dowan (D:7)
  5 howler monkeys
  3 bombardier beetles
  7 centaur zombies (D:8)
  5 hounds
  2 jellies
  15 orc priests
  A sleepcap (D:8)
  Crazy Yiuf (D:5)
  An iguana (D:6)
  14 hell rats
  Ijyb (D:4)
  Natasha (thrice) (D:3)
  12 orc wizards
  2 killer bee zombies (D:8)
  Robin (D:3)
  6 howler monkey zombies (D:8)
  13 gnolls
  A river rat (D:3)
  8 adders
  A white imp (D:6)
  6 dart slugs
  A ribbon worm (D:2)
  66 orcs
  7 ball pythons
  5 bats
  7 endoplasms
  21 giant cockroaches
  14 goblins
  11 hobgoblins
  3 quokkas
  8 frilled lizards
  21 kobolds
  6 rats
886 creatures vanquished.

Vanquished Creatures (others)
  A spriggan (Swamp:1)
  A goliath frog (Swamp:1)
  A spriggan druid (Swamp:1)
  An arcanist (D:10)
  2 bloated husks (Swamp:1)
  A hornet (Swamp:1)
  A white imp (D:7)
  An orc (Orc:2)
9 creatures vanquished.

Grand Total: 895 creatures vanquished

Notes
Turn   | Place    | Note
-------+----------+-------------------------------------------
     0 | D:1      | groovy9 the Gargoyle Berserker began the quest for the Orb.
     0 | D:1      | Reached XP level 1. HP: 14/14 MP: 1/1
   101 | D:1      | Reached XP level 2. HP: 19/19 MP: 2/2
   139 | D:1      | Reached skill level 3 in Axes
   287 | D:1      | Found a faded altar of an unknown god.
   303 | D:1      | Reached skill level 1 in Shields
   303 | D:1      | Reached XP level 3. HP: 23/23 MP: 3/3
   501 | D:1      | Reached ** piety under Trog
   760 | D:2      | Reached XP level 4. HP: 19/29 MP: 4/4
  1313 | D:2      | Reached XP level 5. HP: 30/33 MP: 5/5
  1491 | D:2      | Found a bloodstained altar of Trog.
  1654 | D:3      | Reached skill level 4 in Axes
  1722 | D:3      | Found Yggays's Assorted Antiques.
  1742 | D:3      | Bought an amethyst potion for 18 gold pieces
  1742 | D:3      | Bought a fuming green potion for 18 gold pieces
  1742 | D:3      | Bought a scroll labelled JOMUYCL JOMIBB for 21 gold pieces
  1742 | D:3      | Bought a scroll labelled YNAXZO GETIAQE for 21 gold pieces
  1761 | D:3      | Found a snail-covered altar of Cheibriados.
  1841 | D:3      | Found a glowing drain.
  1850 | Sewer    | Entered a sewer
  1858 | Sewer    | Reached XP level 6. HP: 38/39 MP: 6/6
  2471 | D:3      | Reached *** piety under Trog
  2481 | D:3      | Found a white marble altar of Elyvilon.
  2497 | D:3      | Found Dyothatour's Distillery.
  2508 | D:3      | Reached XP level 7. HP: 44/44 MP: 7/7
  2509 | D:3      | Bought a potion of degeneration for 10 gold pieces
  2537 | D:3      | Found Soigo's Magic Scroll Shop.
  2547 | D:3      | Bought a scroll of noise for 13 gold pieces
  2547 | D:3      | Bought a scroll of identify for 26 gold pieces
  2547 | D:3      | Bought a scroll of identify for 26 gold pieces
  2625 | D:3      | Noticed Natasha
  2642 | D:3      | Killed Natasha
  2738 | D:3      | Noticed Robin
  2796 | D:3      | Noticed Natasha
  2803 | D:3      | Killed Natasha
  2804 | D:3      | Reached skill level 5 in Axes
  2822 | D:3      | Killed Robin
  2831 | D:3      | Found Izaofek's Armour Emporium.
  2862 | D:3      | Found Toacwiro's Weapon Emporium.
  2880 | D:3      | Noticed Natasha
  2888 | D:3      | Killed Natasha
  2889 | D:3      | Reached skill level 5 in Fighting
  3121 | D:4      | Found a broken altar of Ashenzari.
  3133 | D:4      | Noticed Ijyb
  3157 | D:4      | Killed Ijyb
  3334 | D:4      | Found an ancient bone altar of Kikubaaqudgha.
  3408 | D:4      | Found a blossoming altar of Fedhas.
  3455 | D:4      | Found a staircase to the Ecumenical Temple.
  3464 | Temple   | Entered the Ecumenical Temple
  3510 | D:4      | Noticed Blork the orc
  3523 | D:4      | Killed Blork the orc
  3661 | D:4      | Noticed Grinder
  3667 | D:4      | Reached XP level 8. HP: 50/50 MP: 8/8
  3680 | D:4      | Paralysed by Grinder for 5 turns
  4020 | D:4      | Paralysed by Grinder for 4 turns
  4236 | D:4      | Paralysed by Grinder for 2 turns
  4247 | D:4      | Paralysed by Grinder for 3 turns
  4332 | D:4      | Killed Grinder
  4333 | D:4      | Reached skill level 6 in Axes
  4333 | D:4      | Reached skill level 5 in Armour
  4500 | D:4      | Identified a scroll of acquirement
  4500 | D:4      | Acquired the +6 broad axe of Revolt {holy, rC+ Will+}
  4654 | D:5      | Entered Level 5 of the Dungeon
  4756 | D:5      | Noticed a kobold demonologist
  4786 | D:5      | Killed a kobold demonologist
  4787 | D:5      | Reached skill level 5 in Shields
  4848 | D:5      | Noticed Pikel
  4864 | D:5      | Killed Pikel
  4865 | D:5      | Reached skill level 7 in Axes
  4865 | D:5      | Reached XP level 9. HP: 47/56 MP: 9/9
  4982 | D:5      | Identified the +1 pair of gloves of Dim Light {rF+ MP+9}
  5184 | D:5      | Found a runed translucent door.
  5185 | D:5      | Noticed Crazy Yiuf
  5189 | D:5      | Killed Crazy Yiuf
  5321 | D:6      | Noticed Prince Ribbit
  5345 | D:6      | Killed Prince Ribbit
  5436 | D:6      | Noticed Jeremiah
  5503 | D:6      | Killed Jeremiah
  5504 | D:6      | Reached skill level 8 in Axes
  5661 | D:6      | Reached XP level 10. HP: 63/63 MP: 10/10
  6216 | D:7      | Noticed Duvessa
  6216 | D:7      | Noticed Dowan
  6223 | D:7      | Killed Duvessa
  6227 | D:7      | Found a radiant altar of Vehumet.
  6231 | D:7      | Killed Dowan
  6232 | D:7      | Reached skill level 9 in Axes
  7074 | D:8      | Noticed Joseph
  7093 | D:8      | Killed Joseph
  7097 | D:8      | Reached **** piety under Trog
  7138 | D:8      | Reached XP level 11. HP: 69/69 MP: 11/11
  7140 | D:8      | Reached skill level 10 in Axes
  7174 | D:8      | Noticed Grum
  7192 | D:8      | Killed Grum
  7249 | D:8      | Found a stormy altar of Qazlal.
  7283 | D:8      | Noticed Maggie
  7302 | D:8      | Killed Maggie
  7354 | D:8      | Identified the ring of Wumaobb {^Drain rN+ EV+5 Str+2}
  7366 | D:8      | Found a sparkling altar of Nemelex Xobeh.
  7406 | D:8      | Noticed Gastronok
  7423 | D:8      | Killed Gastronok
  7672 | D:3      | Bought a +8 chain mail of ponderousness for 301 gold pieces
  7982 | D:9      | Reached ***** piety under Trog
  8026 | D:9      | Noticed a two-headed ogre
  8038 | D:9      | Killed a two-headed ogre
  8039 | D:9      | Reached skill level 11 in Axes
  8106 | D:9      | Found Tealeten's Antique Weapon Shoppe.
  8442 | D:10     | Entered Level 10 of the Dungeon
  8771 | D:10     | Found a bloodstained altar of Trog.
  8786 | D:10     | Found a staircase to the Lair.
  8788 | D:10     | Noticed an oklob plant
  8796 | D:10     | Killed an oklob plant
  8797 | D:10     | Reached skill level 10 in Fighting
  8797 | D:10     | Reached XP level 12. HP: 77/77 MP: 12/12
  9342 | Lair:1   | Entered Level 1 of the Lair of Beasts
  9557 | Lair:1   | Reached skill level 10 in Armour
  9788 | Lair:1   | Reached skill level 12 in Axes
 10160 | Lair:2   | Reached skill level 10 in Shields
 10770 | Lair:3   | Noticed Urug
 10784 | Lair:3   | Killed Urug
 10784 | Lair:3   | Received a gift from Trog
 11052 | D:3      | Bought a scroll of brand weapon for 123 gold pieces
 11053 | D:3      | Bought a scroll of brand weapon for 123 gold pieces
 11335 | Lair:3   | Found a staircase to the Snake Pit.
 11784 | Lair:3   | Reached XP level 13. HP: 77/84 MP: 13/13
 11918 | Lair:3   | Found a staircase to the Swamp.
 12125 | Lair:4   | Identified the +2 pair of gloves "Ekuxoij" {rCorr}
 12187 | Lair:4   | Reached skill level 13 in Axes
 12880 | Lair:5   | Entered Level 5 of the Lair of Beasts
 12931 | Lair:5   | Found a staircase to the Slime Pits.
 13417 | Lair:5   | Reached skill level 14 in Axes
 13553 | Lair:5   | Gained mutation: Your large and strong wings let you fly.
                  | [Gargoyle growth]
 13553 | Lair:5   | Reached XP level 14. HP: 82/92 MP: 14/14
 13753 | Lair:5   | Received a gift from Trog
 14487 | D:11     | Received a gift from Trog
 14890 | D:11     | Found a staircase to the Orcish Mines.
 14907 | Orc:1    | Entered Level 1 of the Orcish Mines
 14982 | Orc:2    | Entered Level 2 of the Orcish Mines
 15193 | Orc:2    | Found a staircase to the Elven Halls.
 15481 | Orc:2    | Reached skill level 15 in Axes
 15517 | Orc:2    | Noticed an orc warlord
 15544 | Orc:2    | Killed an orc warlord
 15591 | Orc:2    | Noticed an orc warlord
 15626 | Orc:2    | Killed an orc warlord
 15629 | Orc:2    | Identified the +8 halberd "Vathy" {freeze, rC- Dex+5}
 15797 | Orc:2    | Reached XP level 15. HP: 84/99 MP: 15/15
 15828 | Orc:2    | Found Geinoeb's Weapon Shoppe.
 15847 | Orc:2    | Found Qaubuzup's Armour Shop.
 15875 | Orc:2    | Found Orchob Uhi's Assorted Antiques.
 15939 | Orc:2    | Found Enysaqi's Armour Boutique.
 16115 | Orc:2    | Received a gift from Trog
 17072 | D:12     | Found a portal to a secret trove of treasure.
 17215 | D:13     | Found a gate leading to a gauntlet.
 17231 | Gauntlet | Entered a Gauntlet
 17231 | Gauntlet | Found a transporter.
 17240 | Gauntlet | Found a transporter.
 17258 | Gauntlet | Found a transporter.
 17261 | Gauntlet | Found a transporter.
 17275 | Gauntlet | Found a transporter.
 17291 | Gauntlet | Found a transporter.
 17294 | Gauntlet | Found a transporter.
 17298 | Gauntlet | Found a transporter.
 17360 | Gauntlet | Found a transporter.
 17362 | Gauntlet | Found a transporter.
 17368 | Gauntlet | Found a transporter.
 17380 | Gauntlet | Found a transporter.
 17451 | Gauntlet | Identified the +1 pair of boots of the Everdark {rElec
                  | Will+ Int+4 Dex-5}
 17507 | Gauntlet | Identified the +0 hat "Firau" {rC+++}
 17537 | Gauntlet | Found the +3 pair of seven-league boots {Rampage+∞}
 17537 | Gauntlet | Found the ring of the Octopus King
 17537 | Gauntlet | Identified the +1 chain mail of Knowledge {Dex+3}
 17549 | Gauntlet | Identified a ring of the Octopus King {HP+2 MP+9 AC+2 EV+2
                  | SH+2}
 17624 | D:13     | Found a gate to the Vaults.
 17753 | D:13     | Reached skill level 16 in Axes
 18375 | Snake:1  | Entered Level 1 of the Snake Pit
 18522 | Snake:1  | Found Rubokheg's Assorted Antiques.
 18557 | Snake:1  | Bought a potion of heal wounds for 85 gold pieces
 18557 | Snake:1  | Bought a scroll of enchant weapon for 127 gold pieces
 19223 | Snake:2  | Reached ****** piety under Trog
 19284 | Snake:2  | Reached XP level 16. HP: 101/107 MP: 16/16
 19701 | Snake:2  | Received a gift from Trog
 19835 | Snake:3  | Reached skill level 17 in Axes
 20400 | Snake:3  | Noticed a nagaraja
 20410 | Snake:3  | Killed a nagaraja
 20411 | Snake:3  | Reached skill level 15 in Fighting
 21028 | Snake:3  | Received a gift from Trog
 21043 | Snake:3  | Noticed Roxanne
 21059 | Snake:3  | Killed Roxanne
 21246 | Snake:4  | Entered Level 4 of the Snake Pit
 21352 | Snake:4  | Reached skill level 15 in Armour
 21434 | Snake:4  | Reached XP level 17. HP: 112/113 MP: 17/17
 21630 | Snake:4  | Found Bifeq's Weapon Shop.
 21792 | Snake:4  | Reached skill level 15 in Shields
 21827 | Snake:4  | Reached skill level 18 in Axes
 22079 | Snake:4  | Received a gift from Trog
 22264 | Snake:4  | Found a snail-covered altar of Cheibriados.
 22478 | Snake:4  | Found a runed translucent door.
 22478 | Snake:4  | Noticed Monkooky's ghost (adept AtMo)
 22531 | Snake:4  | Killed Monkooky's ghost
 22642 | Snake:4  | Got a serpentine rune of Zot
 22868 | Swamp:1  | Entered Level 1 of the Swamp
 22873 | Swamp:1  | Noticed Nikola
 22876 | Swamp:1  | Noticed Donald
 22894 | Swamp:1  | Killed Donald
 22910 | Swamp:1  | Killed from afar by Nikola

Illustrated notes

Levels and vault maps discovered:
D:1:      lemuel_arrival_cross, layout_rooms, chequers_ecumenical_altar_lobes
D:2:      cheibrodos_pilgrimage, layout_loops_ring, basic_altar
D:3:      layout_rooms, elyvilon_altar_3,
          mainiacjoe_overflow_concentric_impassable, serial_shops, shop,
          nicolae_lakefront_shop, shop, nicolae_shop_dealshenge,
          nicolae_shop_peninsula, portal_sewer_entry_a, minmay_quadrilaterals,
          uniq_robin, uniq_natasha
D:4:      layout_cave_pools, nicolae_kikubaaqudgha_miasma_corner,
          fedhas_ov_isle_minmay, mainiacjoe_overflow_boulevard,
          lemuel_temple_firewalk_b, minmay_statues_item, uniq_ijyb,
          uniq_blork_the_orc, uniq_grinder
D:5:      layout_rooms, uniq_crazy_yiuf_cottage, uniq_pikel
D:6:      layout_basic, minmay_misc_feat_rows, minivault_19, uniq_jeremiah,
          uniq_prince_ribbit1
D:7:      layout_gridville, mainiacjoe_overflow_catwalk, uniq_duvessa
D:8:      layout_gridville, mainiacjoe_overflow_small_starburst,
          overflow_temple_1_default, serial_undead, serial_undead_f,
          serial_undead_e, serial_undead_f, serial_undead_d, serial_undead_a,
          serial_undead_f, serial_undead_b, serial_undead_b, serial_undead_a,
          serial_undead_b, kennysheep_cross_room, uniq_gastronok, uniq_grum,
          uniq_maggie, uniq_joseph
D:9:      layout_cave_pools, serial_shops, shop_coins
D:10:     layout_basic, trog_wizard, dpeg_oklobed_lair, serial_co_window_serial,
          co_window_paths_b, co_window_of_opportunity_a, co_window_corner_a,
          co_window_of_opportunity_a, co_window_corner_a, co_window_corner_a,
          co_window_paths_b, co_window_corner_a, co_window_corner_a,
          co_window_corner_ca, co_window_cross_3, co_window_broadway_c,
          co_window_corner_ca, glass_columns_a, glass_columns_a,
          statue_in_the_mist_lemuel
D:11:     layout_cross, david_orc_4
D:12:     layout_roguey, nicolae_trove_entry_path_of_doom
D:13:     layout_irregular_city, hellmonk_vaults_order_and_chaos,
          gauntlet_entry_generic, grunt_decor_junction
Temple:   compressed_dpeg_triangle_lava_temple
Lair:1:   beast_lair_carwin_large_2, layout_big_grid
Lair:2:   layout_misc_corridors, patterned_corridor
Lair:3:   layout_cellular_growth, mainiacjoe_swamp_entry_lozenge_pond,
          dummy_snake_entry, uniq_urug
Lair:4:   layout_cave_shapes, grunt_forest_large_clearings, serial_bayou_shore_b
Lair:5:   hangedman_lair_caniforms_friends, layout_small_grid, wormcave,
          slime_entry_1, minivault_24
Swamp:1:  layout_basic_swamp, evilmike_swamp_ruin_house_4, uniq_donald,
          uniq_nikola
Snake:1:  layout_cave_shapes, serial_shops, shop
Snake:2:  layout_concentric_octagons, grunt_ministairs_12,
          nicolae_snake_salamander_stairs
Snake:3:  layout_chambers, nicolae_snake_coiling_death, uniq_roxanne
Snake:4:  minmay_snake_end_coiled, layout_cave_town, ebering_ghost_inner_flame,
          basic_altar, serial_shops, shop, nicolae_letterblocks
          [nicolae_letter_subblock, nicolae_letter_subblock,
          nicolae_letter_subblock, nicolae_letter_subblock,
          nicolae_letter_subblock, nicolae_letter_subblock,
          nicolae_letter_subblock, nicolae_letter_subblock,
          nicolae_letter_subblock, nicolae_letter_subblock,
          nicolae_letter_subblock, nicolae_letter_subblock,
          nicolae_letter_subblock, nicolae_letter_subblock,
          nicolae_letter_subblock, nicolae_letter_subblock,
          nicolae_letter_subblock, nicolae_letter_subblock,
          nicolae_letter_subblock, nicolae_letter_subblock,
          nicolae_letter_subblock, nicolae_letter_subblock,
          nicolae_letter_subblock, nicolae_letter_subblock,
          nicolae_letter_subblock]
Orc:1:    layout_caves, serial_shops, nicolae_shop_overgrown_old_shop
Orc:2:    hellmonk_orc_salted, layout_diamond_mine, minmay_orc_treasury

Skill      XL: |  1  2  3  4  5  6  7  8  9 10 11 12 13 14 15 16 17 |
---------------+----------------------------------------------------+-----
Axes           | 3 4 5 7 8 9 11 12 14 15 16 17 18 | 18.5
Shields        | 1 2 3 4 5 6 7 9 10 11 12 13 14 15 | 15.4
Fighting       | 4 5 6 7 8 10 11 12 13 14 15 | 15.9
Armour         | 3 4 6 7 8 9 10 11 13 14 15 | 15.6
Dodging        | |  1.5

Action                     |  1- 3 |  4- 6 |  7- 9 | 10-12 | 13-15 | 16-18 || total
---------------------------+-------+-------+-------+-------+-------+-------++-------
  Melee: Hand axe          |    87 |   259 |   207 |       |       |       ||   553
         Broad axe         |       |       |   137 |   594 |  1137 |   793 ||  2661
         Flail             |       |       |       |       |    11 |       ||    11
 Invoke: Berserk           |     1 |     5 |    17 |    12 |     8 |     2 ||    45
         Trog's Hand       |       |     3 |     7 |     1 |     9 |     2 ||    22
    Use: Scroll            |       |       |    19 |    12 |     5 |     1 ||    37
         Potion            |       |       |     2 |       |       |       ||     2
 Armour: Animal skin       |     5 |       |       |       |       |       ||     5
         Skin              |     3 |       |       |       |       |       ||     3
         Leather armour    |    18 |       |       |       |       |       ||    18
         Chain mail        |     9 |   227 |   259 |   379 |   830 |   435 ||  2139
  Dodge: Dodged            |    38 |    95 |   135 |   305 |   667 |   380 ||  1620
  Block: Buckler           |    12 |    39 |    63 |    25 |       |       ||   139
         Kite shield       |       |       |       |   290 |   777 |   495 ||  1562
         Tower shield      |       |       |       |       |       |    33 ||    33
